 Dungeon Crawl Stone Soup version 0.31-a0-102-g33a4ccc0cb (webtiles) character file.

Game seed: 16286535421260969674

21695 greynaab the Basher (level 12, -8/87 HPs)
             Began as a Demonspawn Artificer on May 26, 2023.
             Was an Elder of Hepliaklqana.
             Mangled by an anaconda simulacrum (17 damage)
             ... in an ice cave.
             The game lasted 00:31:13 (11202 turns).

greynaab the Basher (Demonspawn Artificer)         Turns: 11202, Time: 00:31:13

Health: -8/87      AC: 12    Str: 17    XL:     12   Next: 56%
Magic:  20/20      EV: 14    Int: 12    God:    Hepliaklqana [****..]
Gold:   587        SH:  9    Dex: 26    Spells: 11/11 levels left

rFire   . . .        I - +10 quarterstaff of Fimbulwinter {flame, rPois}
rCold   . . .        (shield currently unavailable)
rNeg    + . .        F - +0 steam dragon scales
rPois   +            (helmet unavailable)
rElec   .            g - +2 ratskin cloak {*Rats rPois rN+ Str-1 Int-1 Dex+1}
rCorr   .            h - +0 pair of gloves
SInv    .            P - +0 pair of boots
Will    .....        H - amulet of reflection
Stlth   ++           p - +6 ring of dexterity
HPRegen 0.34/turn    z - +6 ring of dexterity
MPRegen 0.17/turn

%: reflection
@: constricted
A: reduced essence, horns 3, large bone plates 1, demonic guardian 2
a: Renounce Religion, Recall Ancestor, Ancestor Identity, Transference, Idealise


You were in an ice cave.
You worshipped Hepliaklqana.
Hepliaklqana was greatly pleased with you.
You visited 2 branches of the dungeon, and saw 11 of its levels.
You also visited: Bailey and Ice Cave.

You collected 717 gold pieces.
You spent 130 gold pieces at shops.

Inventory:

Hand Weapons
 a - the +3 hammer of the Final Chapter {elec, rF+ Will+ rCorr Int+3}
   (You found it on level 3 of the Dungeon)

   Int:       It affects your intelligence (+3).
   rF:        It protects you from fire.
   rCorr:     It protects you from acid and corrosion.
   Will:      It increases your willpower.
 b - a +3 flail of protection
 x - a +4 dire flail of freezing
 I - the +10 quarterstaff of Fimbulwinter (weapon) {flame, rPois}
   (You found it on level 8 of the Dungeon)

   rPois:     It protects you from poison.
 K - a +0 great mace
Missiles
 r - 9 boomerangs (quivered)
 u - 6 curare-tipped darts
Armour
 g - the +2 ratskin cloak (worn) {*Rats rPois rN+ Str-1 Int-1 Dex+1}
   (You found it on level 5 of the Dungeon)

   *Rats:     When the wearer is hurt, rats may emerge from it to assist them.
   Str:       It affects your strength (-1).
   Int:       It affects your intelligence (-1).
   Dex:       It affects your dexterity (+1).
   rPois:     It protects you from poison.
   rN:        It protects you from negative energy.
 h - a +0 pair of gloves (worn)
 o - a +0 buckler
 y - a +1 chain mail of poison resistance
 F - +0 steam dragon scales (worn)
 P - a +0 pair of boots (worn)
Jewellery
 f - an amulet of magic regeneration
 p - a +6 ring of dexterity (left hand)
 z - a +6 ring of dexterity (right hand)
 H - an amulet of reflection (around neck)
 M - an amulet of regeneration
Wands
 d - a wand of charming (12)
 e - a wand of iceblast (21)
 J - a wand of flame (23)
Scrolls
 c - 2 scrolls of blinking
 j - 3 scrolls of poison
 k - 10 scrolls of enchant armour
 l - 2 scrolls of teleportation
 m - 3 scrolls of magic mapping
 n - 3 scrolls of fog
 q - a scroll of noise {unknown}
 t - 5 scrolls of enchant weapon
 C - a scroll of vulnerability {unknown}
 G - a scroll of amnesia
 N - a scroll of identify
 O - a scroll of fear {unknown}
Potions
 i - 4 potions of curing
 s - 2 potions of heal wounds {unknown}
 w - 5 potions of mutation {unknown}
 A - 2 potions of cancellation {unknown}
 B - 2 potions of might {unknown}
 D - 2 potions of enlightenment {unknown}
 E - 2 potions of attraction {unknown}
 L - 2 potions of haste


   Skills:
 - Level 10.0 Fighting
 - Level 14.0 Maces & Flails
 - Level 5.7 Armour
 - Level 5.4 Dodging
 - Level 0.8 Stealth
 + Level 2.7 Shields
 + Level 10.7 Invocations
 - Level 3.0 Evocations


You had 11 spell levels left.
You didn't know any spells.
Your spell library contained the following spells:

 Spells                   Type           Power      Damage    Failure   Level
 Beastly Appendage        Tmut           0%         N/A       32%         1
 Scorch                   Fire           0%         2d5       45%         2
 Wereblood                Tmut           0%         N/A       45%         2
 Spider Form              Tmut/Pois      0%         N/A       69%         3
 Flame Wave               Conj/Fire      0%         2d4       97%         4
 Summon Cactus Giant      Summ           0%         N/A       100%        6


Dungeon Overview and Level Annotations

Branches:
Dungeon (10/15) Zot: 26153  Temple (0/1) D:7            Lair (1/5) D:10 Zot: 5666
 Bailey (visited)           IceCv (1/1) Zot: 5663
    Orc: D:9-12

Altars:
Fedhas
Hepliaklqana
Kikubaaqudgha
Okawaru
Qazlal
Ru
Sif Muna
Trog
Uskayaw

Shops:
D:5 (   D:9 *

Annotations:
D:5 3 runed translucent doors, Esekla's ghost, weakling OpDe
D:10 Sonja


Innate Abilities, Weirdness & Mutations

Your life essence is reduced to manifest your ancestor. (-10% HP)
You have a pair of large horns on your head.
You are partially covered in large bone plates. (SH +4)
A demonic guardian rushes to your aid.


Message History

You sock the dire elephant simulacrum!
You melt the dire elephant simulacrum!
The dire elephant simulacrum vaporises!
No target in view!
You open the door.
A harpy simulacrum comes into view.
The harpy simulacrum misses you.
You block the harpy simulacrum's attack.
Sammy!>? hits the harpy simulacrum with a +0 dagger of draining.
You sock the harpy simulacrum!
You melt the harpy simulacrum.
You headbutt the harpy simulacrum.
The harpy simulacrum vaporises!
No target in view!
You swap places.
You open the door.
An anaconda simulacrum comes into view.
You block the anaconda simulacrum's attack.
The anaconda simulacrum bites you. The anaconda simulacrum freezes you!!
You are too injured to fight recklessly!
You are too injured to fight recklessly!
You sock the anaconda simulacrum!
You melt the anaconda simulacrum.
The anaconda simulacrum is heavily damaged.
The anaconda simulacrum closely misses you.
The anaconda simulacrum bites you. The anaconda simulacrum freezes you!!
A river rat scurries out from under your cloak.
You hit the anaconda simulacrum.
You melt the anaconda simulacrum.
The anaconda simulacrum is severely damaged.
The anaconda simulacrum closely misses you.
The anaconda simulacrum barely misses you.
You barely miss the anaconda simulacrum.
The anaconda simulacrum is severely damaged.
The anaconda simulacrum grabs you. The anaconda simulacrum bites you.
* * * LOW HITPOINT WARNING * * *
The anaconda simulacrum freezes you!
* * * LOW HITPOINT WARNING * * *
A demonic guardian appears!
The anaconda simulacrum constricts you.
* * * LOW HITPOINT WARNING * * *
The anaconda simulacrum bites you.
* * * LOW HITPOINT WARNING * * *
The anaconda simulacrum freezes you!
You die...

###..#...#4.###
#⌠ ##'##)⌠# #
#...#+## #...#
#...### #...#.#
#+#...#'###
+......Rr.#
#.8...8@###
+....4..Z.#
#.8...8.###
...........+
###.8...8.###
+.......+
#.8...8.#
+.......+


You could see the friendly Sammy!>? the hexer, an anaconda simulacrum (ally
target), a friendly hellwing (summoned) and a friendly river rat.

Vanquished Creatures
  Gastronok (D:10)
  A cyclops (D:8)
  2 ice statues (IceCv)
  A black mamba (Lair:1)
  An unseen horror (D:10)
  A komodo dragon (D:10)
  4 ice devils (IceCv)
  A hornet (D:9)
  A shadow (D:10)
  A dire elephant simulacrum (IceCv)
  13 yaks
  A wyvern (D:8)
  3 steam dragons (D:8)
  A harpy simulacrum (IceCv)
  An acid dragon (D:8)
  6 water moccasins
  7 orc warriors
  2 ice beasts
  A black bear (D:5)
  4 ogres (D:10)
  7 centaurs
  4 kobold brigands
  A phantom (D:4)
  4 bullfrogs
  2 cane toad simulacra
  3 gnoll sergeants (D:8)
  A scorpion (D:4)
  5 wights
  10 killer bees
  An elephant simulacrum (Lair:1)
  3 howler monkeys
  2 hounds
  8 orc priests
  A gnoll bouda (D:5)
  3 jellies
  Crazy Yiuf (D:3)
  2 sleepcaps
  5 iguanas
  10 orc wizards
  5 hell rats (D:5)
  A polar bear simulacrum (Lair:1)
  An ogre zombie (D:10)
  5 gnolls
  10 adders
  A naga simulacrum (IceCv)
  16 river rats (D:5)
  2 shadow imps (D:6)
  3 white imps
  An ufetubus (D:6)
  A worm (D:5)
  A dart slug (D:5)
  33 orcs
  5 ball pythons
  7 bats
  8 endoplasms
  5 giant cockroaches
  3 goblins
  6 hobgoblins
  3 jackals (D:3)
  4 quokkas
  4 frilled lizards
  12 kobolds
  4 rats
267 creatures vanquished.

Vanquished Creatures (collateral kills)
  2 rime drakes (Lair:1)
  A yak (D:9)
  A steam dragon (D:8)
  A water moccasin (Lair:1)
  An orc warrior (Bailey)
  3 ogres (D:10)
  2 kobold brigands
  A bullfrog (D:9)
  A wight (D:8)
  A killer bee (D:9)
  A howler monkey (D:9)
  2 hell rats (D:5)
  An iguana (D:6)
  2 orc wizards
  2 adders
  A gnoll (D:5)
  A river rat (D:5)
  A shadow imp (D:8)
  11 orcs
  8 kobolds
44 creatures vanquished.

Vanquished Creatures (others)
  A hell rat (D:5)
  5 hexers
  2 ancestors
8 creatures vanquished.

Grand Total: 319 creatures vanquished

Notes
Turn   | Place    | Note
-------+----------+-------------------------------------------
     0 | D:1      | greynaab the Demonspawn Artificer began the quest for the
                  | Orb.
     0 | D:1      | Reached XP level 1. HP: 15/15 MP: 1/1
   244 | D:1      | Gained mutation: A weak demonic guardian rushes to your
                  | aid. [demonic ancestry]
   244 | D:1      | Reached XP level 2. HP: 21/21 MP: 2/2
   250 | D:1      | Reached skill level 1 in Maces & Flails
   623 | D:1      | You fall into a shaft and drop 1 floor!
   752 | D:2      | Reached XP level 3. HP: 14/27 MP: 3/3
  1399 | D:2      | Reached skill level 2 in Maces & Flails
  1608 | D:2      | Gained mutation: You have a pair of small horns on your
                  | head. [demonic ancestry]
  1608 | D:2      | Reached XP level 4. HP: 33/34 MP: 4/4
  2042 | D:3      | Found a stormy altar of Qazlal.
  2246 | D:3      | Found a runed translucent door.
  2247 | D:3      | Noticed Crazy Yiuf
  2542 | D:4      | Found a hazy altar of Hepliaklqana.
  2565 | D:4      | Became a worshipper of Hepliaklqana the Forgotten
  2787 | D:4      | Reached skill level 3 in Maces & Flails
  2787 | D:4      | Gained mutation: You are partially covered in large bone
                  | plates. (SH +4) [demonic ancestry]
  2787 | D:4      | Reached XP level 5. HP: 32/41 MP: 5/5
  2967 | D:4      | Reached * piety under Hepliaklqana
  3102 | D:4      | Reached skill level 4 in Maces & Flails
  3275 | D:4      | Noticed a phantom
  3286 | D:4      | Killed a phantom
  3287 | D:4      | Reached XP level 6. HP: 37/43 MP: 6/6
  3537 | D:5      | Entered Level 5 of the Dungeon
  3720 | D:5      | Identified the +0 cloak of Vexation {+Inv rF+ Will-}
  3726 | D:5      | Noticed an ice beast
  4034 | D:3      | Found an iron altar of Okawaru.
  4366 | D:3      | Killed Crazy Yiuf
  4370 | D:3      | Identified the +3 hammer of the Final Chapter {elec, rF+
                  | Will+ rCorr Int+3}
  4555 | D:5      | Found a runed translucent gate.
  4556 | D:5      | Found a runed translucent gate.
  4557 | D:5      | Found a runed translucent gate.
  4574 | D:6      | Reached skill level 5 in Maces & Flails
  4578 | D:6      | Reached XP level 7. HP: 26/49 MP: 7/7
  4670 | D:6      | Found a hide-covered altar of Uskayaw.
  4866 | D:6      | Reached ** piety under Hepliaklqana
  4867 | D:6      | Remembered your ancestor Sammy!>? as a hexer
  4943 | D:6      | Reached skill level 5 in Fighting
  5138 | D:5      | Reached skill level 6 in Maces & Flails
  5358 | D:5      | Noticed Esekla's ghost (weakling OpDe)
  5400 | D:5      | Found Gevuhem's Antique Weapon Shoppe.
  5655 | D:5      | Reached XP level 8. HP: 40/56 MP: 8/8
  5797 | D:5      | Reached skill level 7 in Maces & Flails
  5936 | D:5      | Found the +2 ratskin cloak {*Rats rPois rN+ Str-1 Int-1
                  | Dex+1}
  6410 | D:6      | Reached skill level 8 in Maces & Flails
  6596 | D:6      | Reached XP level 9. HP: 61/64 MP: 9/9
  6704 | D:7      | Found a staircase to the Ecumenical Temple.
  6723 | D:7      | Reached skill level 9 in Maces & Flails
  6739 | D:7      | Found a flagged portal.
  6760 | Bailey   | Entered a bailey
  6922 | Bailey   | Reached skill level 13 in Maces & Flails
  6922 | Bailey   | Gained mutation: You have a pair of horns on your head.
                  | [demonic ancestry]
  6922 | Bailey   | Reached XP level 10. HP: 71/71 MP: 10/10
  6923 | Bailey   | Reached skill level 5 in Armour
  6923 | Bailey   | Reached skill level 5 in Dodging
  6923 | Bailey   | Gained mutation: You have a pair of large horns on your
                  | head. [demonic ancestry]
  6923 | Bailey   | Reached XP level 11. HP: 75/75 MP: 11/11
  6971 | Bailey   | Reached skill level 1 in Invocations
  7565 | D:7      | Found a shimmering blue altar of Sif Muna.
  7565 | D:7      | Found a blossoming altar of Fedhas.
  7628 | D:8      | Reached *** piety under Hepliaklqana
  7902 | D:8      | Reached skill level 14 in Maces & Flails
  8131 | D:8      | Identified the +10 quarterstaff of Fimbulwinter {flame,
                  | rPois}
  8751 | D:8      | Reached skill level 5 in Invocations
  8753 | D:8      | Identified the +1 dagger of Welfare {freeze, rElec}
  9252 | D:9      | Found Daliptoi's General Store.
  9258 | D:9      | Bought a potion of haste for 130 gold pieces
  9369 | D:9      | Gained mutation: A demonic guardian rushes to your aid.
                  | [demonic ancestry]
  9369 | D:9      | Reached XP level 12. HP: 60/85 MP: 16/16
  9582 | D:9      | Found a sacrificial altar of Ru.
  9582 | D:9      | Found a bloodstained altar of Trog.
  9672 | D:10     | Entered Level 10 of the Dungeon
  9717 | D:10     | Reached **** piety under Hepliaklqana
  9816 | D:10     | Noticed Gastronok
  9839 | D:10     | Killed Gastronok
  9893 | D:10     | Noticed a two-headed ogre
  9906 | D:10     | Noticed a two-headed ogre
  9909 | D:10     | Noticed Sonja
 10089 | D:10     | Found an ancient bone altar of Kikubaaqudgha.
 10177 | D:10     | Found a staircase to the Lair.
 10354 | D:10     | Reached skill level 10 in Fighting
 10442 | D:10     | Noticed an ogre mage
 10478 | D:10     | Noticed a two-headed ogre
 10521 | Lair:1   | Entered Level 1 of the Lair of Beasts
 10843 | Lair:1   | Found a frozen archway.
 10858 | IceCv    | Entered an ice cave
 10906 | IceCv    | Reached skill level 10 in Invocations
 10909 | IceCv    | Reached skill level 1 in Shields
 11202 | IceCv    | Mangled by an anaconda simulacrum

Illustrated notes

Levels and vault maps discovered:
D:1:      grunt_arrival_crossed_arrows, layout_basic
D:2:      layout_basic, chequers_decorated_corner, kennysheep_generic_room_13
D:3:      layout_loops_ring, lemuel_coloured_pillars_altar,
          mainiacjoe_overflow_chevrons, minmay_cupped, uniq_crazy_yiuf_cottage
D:4:      layout_gridville, mainiacjoe_overflow_small_starburst
D:5:      wander_guarded_unrand_ratskin, layout_loops_corners, serial_shops,
          shop, ebering_ghost_rock_garden
D:6:      minmay_clustersquares, layout_loops_ring, mainiacjoe_overflow_alcove_1
D:7:      layout_loops_cross, minitemple, minmay_temple_entry_slanted,
          enter_bailey_2, nicolae_figureground_sparkle
D:8:      minmay_quarter_circles, layout_loops_ring
D:9:      layout_rooms, gammafunk_temple_overflow_pools, serial_shops,
          nicolae_shop_advertising_works [nicolae_subvault_shop_adworks],
          serial_glass, glass_columns_b, glass_columns_c
D:10:     lemuel_ogre_cave, layout_gridville, mainiacjoe_overflow_boulevard,
          lair_entry_dummy, uniq_sonja, uniq_gastronok
Lair:1:   layout_regular_city, portal_ice_cave_entry_ice_simulacra, st_stairs_5,
          serial_bayou_pond_d
IceCv:    ice_cave_tombish

Skill      XL: |  1  2  3  4  5  6  7  8  9 10 11 12 |
---------------+-------------------------------------+-----
Maces & Flails | 1 2 3 4 5 6 8 13 14 | 14.0
Fighting       | 2 3 4 5 7 9 10 | 10.0
Armour         | 5 |  5.7
Dodging        | 5 |  5.4
Invocations    | 6 10 | 10.7
Shields        | 2 |  2.7
Stealth        | |  0.8
Evocations     | |  3.0

Action                     |  1- 3 |  4- 6 |  7- 9 | 10-12 || total
---------------------------+-------+-------+-------+-------++-------
  Melee: Club              |    99 |       |       |       ||    99
         Punch             |     1 |     4 |     2 |       ||     7
         Whip              |    24 |   110 |       |       ||   134
         Headbutt          |       |    25 |    36 |    83 ||   144
         Mace              |       |    21 |    86 |       ||   107
         Flail             |       |     6 |    21 |       ||    27
         Dire flail        |       |       |    61 |   162 ||   223
         Quarterstaff      |       |       |       |   177 ||   177
  Throw: Boomerang         |       |     3 |       |    10 ||    13
 Invoke: Ancestor Identity |       |     1 |       |       ||     1
         Recall Ancestor   |       |     1 |       |     2 ||     3
         Ancestor Life: He |       |       |     1 |       ||     1
  Evoke: Wand              |    11 |     7 |     1 |       ||    19
    Use: Scroll            |       |     8 |     1 |     5 ||    14
         Potion            |       |     2 |     3 |     1 ||     6
   Stab: Sleeping          |     2 |     3 |     1 |     2 ||     8
         Confused          |       |       |     4 |    14 ||    18
         Distracted        |       |       |     2 |     7 ||     9
 Armour: Leather armour    |    49 |     3 |       |       ||    52
         Ring mail         |       |    36 |    49 |     5 ||    90
         Steam dragon scal |       |       |       |    60 ||    60
  Dodge: Dodged            |    75 |    55 |    76 |   204 ||   410
  Block: Other             |       |     8 |    24 |    68 ||   100
         Reflection        |       |       |       |     5 ||     5

Table legend: (Time is in decaauts)
 A = Elapsed time spent in this place.
 B = Non-inter-level travel time spent in this place.
 C = Inter-level travel time spent in this place.
 D = Time resting spent in this place.
 E = Time spent auto-exploring this place.
 F = Levels seen in this place.
 G = Mean time per level.
                   A        B        C        D        E       F      G
               +--------+--------+--------+--------+--------+-----+--------+
         Total |  11082 |  10225 |    857 |   1254 |   6682 |  13 |  852.5 |
       Dungeon |  10090 |   9252 |    838 |    979 |   6392 |  10 | 1009.0 |
          Lair |    334 |    315 |     19 |      0 |    198 |   1 |  334.0 |
        Bailey |    322 |    322 |      0 |    112 |     49 |   1 |  322.0 |
      Ice Cave |    335 |    335 |      0 |    163 |     43 |   1 |  335.0 |
               +--------+--------+--------+--------+--------+-----+--------+

Top non-repeatable levels by time:
     D:5: 1474 daAuts
     D:3: 1411 daAuts
     D:8: 1260 daAuts
     D:4: 1063 daAuts
     D:6: 946 daAuts
     D:9: 927 daAuts
     D:2: 916 daAuts
     D:1: 838 daAuts
    D:10: 651 daAuts
     D:7: 601 daAuts
   IceCv: 335 daAuts
  Lair:1: 334 daAuts
  Bailey: 322 daAuts
